 Dungeon Crawl Stone Soup version 0.26-a0-20-g5f92b90 (webtiles) character file.

Game seed: 7684635052642647980, levelgen mode: deterministic

1424 thirtiethelement the Skirmisher (level 8, -1/67 HPs)
             Began as a Gnoll Abyssal Knight on May 25, 2020.
             Was a Priest of Lugonu.
             Slain by a gnoll (4 damage)
             ... on level 7 of the Dungeon.
             The game lasted 00:31:33 (6241 turns).

thirtiethelement the Skirmisher (GnAK)              Turns: 6241, Time: 00:31:33

Health: -1/67      AC: 21    Str: 22    XL:     8   Next: 72%
Magic:  13/13      EV: 10    Int: 15    God:    Lugonu [***...]
Gold:   324        SH:  0    Dex: 15    Spells: 13/13 levels left

rFire    . . .     SeeInvis .   a - +1 spear
rCold    . . .     Gourm    .   (no shield)
rNeg     . . .     Faith    .   u - +2 chain mail {rPois}
rPois    +         Spirit   .   (no helmet)
rElec    .         Reflect  .   E - +0 cloak
rCorr    .         Harm     .   t - +0 pair of gloves
MR       .....                  l - +2 pair of boots
Stlth    ..........             (no amulet)
HPRegen  0.21/turn              D - +6 ring of strength
MPRegen  0.13/turn              n - +4 ring of protection

@: no status effects
A: distributed training, fangs 1, strong nose
a: Depart the Abyss, Bend Space, Banish, Renounce Religion


You were on level 7 of the Dungeon.
You worshipped Lugonu.
Lugonu was most pleased with you.
You were hungry.

You visited 2 branches of the dungeon, and saw 8 of its levels.
You visited the Abyss 1 time.

You collected 324 gold pieces.

Inventory:

Hand Weapons
 a - a +1 spear (weapon)
Missiles
 r - 33 poisoned darts (quivered)
Armour
 b - a +0 leather armour
 l - a +2 pair of boots (worn)
 t - a +0 pair of gloves (worn)
 u - a +2 chain mail of poison resistance (worn)
 w - a scarf of repulsion
 E - a +0 cloak (worn)
Jewellery
 d - a +4 ring of evasion
 f - an uncursed ring of positive energy
 n - a +4 ring of protection (right hand)
 y - an uncursed ring of stealth
 A - an uncursed ring of wizardry
 C - an uncursed ring of see invisible
 D - a +6 ring of strength (left hand)
Wands
 x - a wand of flame (15)
Scrolls
 h - 2 scrolls of magic mapping
 k - 3 scrolls of teleportation
 p - 2 scrolls of remove curse
 s - 2 scrolls of fear
Potions
 e - 2 potions of cancellation
 i - 5 potions of curing
 j - 2 potions of invisibility {unknown}
 m - 5 potions of flight
 o - a potion of brilliance {unknown}
 q - 5 potions of degeneration {unknown}
 v - a potion of lignification {unknown}
 z - a potion of heal wounds {unknown}
 B - a potion of ambrosia {unknown}
Comestibles
 c - 7 rations


   Skills:
 + Level 7.4 Fighting
 + Level 3.4 Short Blades
 + Level 3.4 Long Blades
 + Level 3.4 Axes
 + Level 3.4 Maces & Flails
 + Level 5.8 Polearms
 + Level 3.4 Staves
 + Level 3.4 Slings
 + Level 3.4 Bows
 + Level 3.4 Crossbows
 + Level 3.4 Throwing
 + Level 5.8 Armour
 + Level 4.3 Dodging
 + Level 3.4 Stealth
 + Level 3.4 Shields
 + Level 3.4 Unarmed Combat
 + Level 3.4 Spellcasting
 + Level 2.8 Conjurations
 + Level 2.8 Hexes
 + Level 2.8 Charms
 + Level 2.8 Summonings
 + Level 2.8 Necromancy
 + Level 2.8 Translocations
 + Level 2.8 Transmutations
 + Level 2.8 Fire Magic
 + Level 2.8 Ice Magic
 + Level 2.8 Air Magic
 + Level 2.8 Earth Magic
 + Level 2.8 Poison Magic
 + Level 6.0 Invocations
 + Level 3.4 Evocations


You had 13 spell levels left.
You didn't know any spells.
Your spell library was empty.

Dungeon Overview and Level Annotations

Branches:
Dungeon (7/15)             Temple (1/1) D:6

Altars:
Ashenzari
Dithmenos
Elyvilon
Fedhas
Gozag
Kikubaaqudgha
Makhleb
Nemelex Xobeh
Okawaru
Qazlal
Ru
Sif Muna
Trog
Uskayaw
Vehumet
Wu Jian
Xom
Yredelemnul
Zin
The Shining One

Shops:
D:5 %


Innate Abilities, Weirdness & Mutations

Your experience applies equally to all skills.
You have very sharp teeth.
Your uncanny sense of smell can sniff out nearby items.


Message History

The gnoll hits you but does no damage. The ogre closely misses you.
The gnoll hits you with a cursed -2 club.
You barely miss the gnoll. Your bite misses the gnoll.
The gnoll is severely wounded.
The gnoll closely misses you.
You closely miss the gnoll.
The gnoll is severely wounded.
The gnoll misses you.
The ogre hits you with a +0 giant spiked club!
* * * LOW HITPOINT WARNING * * *
The gnoll closely misses you.
You hit the gnoll.
The gnoll is severely wounded.
The gnoll barely misses you. x2
You closely miss the gnoll.
The gnoll is severely wounded.
The ogre hits you with a +0 giant spiked club!
* * * LOW HITPOINT WARNING * * *
The gnoll hits you but does no damage. The gnoll hits you.
You die...

#. ### #.##.. #
..#.# # #.#.# #
#.#.# # #...#
###############..##
...........)....@O#
################gg.#
##....# .##...# [#
### .. ##


You could see an ogre and 2 gnolls.

Vanquished Creatures
  Duvessa (D:6)
  A sky beast (D:6)
  2 ogres
  A phantom (D:5)
  A centaur (D:6)
  A gnoll sergeant (D:7)
  Dowan (D:6)
  2 scorpions
  A howler monkey (D:4)
  A bullfrog zombie (D:5)
  A centaur zombie (D:5)
  A hound (D:6)
  2 orc priests
  An orc wizard (D:4)
  A bullfrog skeleton (D:5)
  2 iguanas (D:5)
  Terence (D:3)
  2 worker ants (D:4)
  A hound zombie (D:2)
  2 hound skeletons
  7 gnolls
  5 adders
  3 oozes
  2 worms
  2 dart slugs
  6 leopard geckos
  20 orcs
  A ball python (D:1)
  11 giant cockroaches
  9 goblins
  13 hobgoblins
  8 kobolds
  3 quokkas
  8 bats
  9 frilled lizards
  A leopard gecko zombie (D:5)
  7 rats
  A plant (Temple)
142 creatures vanquished.

Vanquished Creatures (others)
  2 plants (D:5)
2 creatures vanquished.

Grand Total: 144 creatures vanquished

Notes
Turn   | Place    | Note
-------+----------+-------------------------------------------
     0 | Abyss:1  | thirtiethelement the Gnoll Abyssal Knight began the quest
                  | for the Orb.
     0 | Abyss:1  | Reached XP level 1. HP: 23/23 MP: 3/3
    37 | Abyss:1  | Noticed a small abomination
    62 | Abyss:2  | Noticed a titan skeleton
    85 | Abyss:3  | Noticed a lightning spire
    91 | Abyss:3  | Noticed a raiju
    91 | Abyss:3  | Noticed a merfolk impaler
    91 | Abyss:3  | Noticed a smoke demon
    98 | Abyss:3  | Noticed a spatial vortex
   103 | Abyss:3  | Noticed a spatial maelstrom
   104 | Abyss:3  | Noticed a spatial vortex
   105 | D:1      | Escaped the Abyss
   611 | D:1      | Reached XP level 2. HP: 29/29 MP: 5/5
   771 | D:1      | Reached * piety under Lugonu
   884 | D:1      | Reached XP level 3. HP: 33/35 MP: 6/6
  1380 | D:2      | Reached skill level 1 in Short Blades
  1380 | D:2      | Reached skill level 1 in Long Blades
  1380 | D:2      | Reached skill level 1 in Axes
  1380 | D:2      | Reached skill level 1 in Maces & Flails
  1380 | D:2      | Reached skill level 1 in Staves
  1380 | D:2      | Reached skill level 1 in Slings
  1380 | D:2      | Reached skill level 1 in Bows
  1380 | D:2      | Reached skill level 1 in Crossbows
  1380 | D:2      | Reached skill level 1 in Throwing
  1380 | D:2      | Reached skill level 1 in Stealth
  1380 | D:2      | Reached skill level 1 in Shields
  1380 | D:2      | Reached skill level 1 in Unarmed Combat
  1380 | D:2      | Reached skill level 1 in Spellcasting
  1380 | D:2      | Reached skill level 1 in Evocations
  1380 | D:2      | Reached XP level 4. HP: 38/41 MP: 7/7
  1867 | D:2      | Reached ** piety under Lugonu
  2057 | D:2      | Reached skill level 1 in Conjurations
  2057 | D:2      | Reached skill level 1 in Hexes
  2057 | D:2      | Reached skill level 1 in Charms
  2057 | D:2      | Reached skill level 1 in Summonings
  2057 | D:2      | Reached skill level 1 in Necromancy
  2057 | D:2      | Reached skill level 1 in Translocations
  2057 | D:2      | Reached skill level 1 in Transmutations
  2057 | D:2      | Reached skill level 1 in Fire Magic
  2057 | D:2      | Reached skill level 1 in Ice Magic
  2057 | D:2      | Reached skill level 1 in Air Magic
  2057 | D:2      | Reached skill level 1 in Earth Magic
  2057 | D:2      | Reached skill level 1 in Poison Magic
  2231 | D:3      | Reached XP level 5. HP: 17/47 MP: 8/8
  2307 | D:3      | Noticed Terence
  2323 | D:3      | Killed Terence
  2519 | D:3      | Found an iron altar of Okawaru.
  3402 | D:4      | Reached XP level 6. HP: 53/53 MP: 9/9
  3412 | D:4      | Reached skill level 5 in Invocations
  3498 | D:4      | Reached skill level 5 in Polearms
  3498 | D:4      | Reached skill level 5 in Armour
  3625 | D:4      | Found an ornate altar of the Wu Jian Council.
  3842 | D:4      | Reached *** piety under Lugonu
  3842 | D:4      | Reached XP level 7. HP: 28/59 MP: 10/10
  4133 | D:5      | Entered Level 5 of the Dungeon
  4145 | D:5      | Reached skill level 7 in Fighting
  4673 | D:5      | Found Haos's Food Shop.
  4705 | D:5      | Found a bloodstained altar of Trog.
  4706 | D:5      | Found a shadowy altar of Dithmenos.
  4707 | D:5      | Found a white marble altar of Elyvilon.
  5205 | D:6      | Found a staircase to the Ecumenical Temple.
  5232 | Temple   | Entered the Ecumenical Temple
  5592 | D:6      | Reached XP level 8. HP: 51/67 MP: 12/12
  5668 | D:6      | Noticed Duvessa
  5668 | D:6      | Noticed Dowan
  5685 | D:6      | Killed Duvessa
  5689 | D:6      | Killed Dowan
  6241 | D:7      | HP: 3/67 [ogre/+0 giant spiked club (14)]
  6241 | D:7      | Slain by a gnoll

Illustrated notes

Levels and vault maps discovered:
D:1:      mrwooster_arrival_statue_3, layout_loops_corners
D:2:      layout_loops_ring
D:3:      kennysheep_six_static_rooms, layout_basic, old_standard_altar,
          st_stairs_11, uniq_terence
D:4:      layout_cave_pools, marbit_many_paths, first_ration, minmay_bisected
D:5:      layout_gridville, chequers_temple_overflow_statue_of_worship,
          serial_shops, shop, minmay_lizard_king
D:6:      layout_rooms, temple_fountains, uniq_duvessa
D:7:      kennysheep_slugbush, layout_basic, slow_altar_1
Temple:   regret_index_temple_generic_petals

Skill      XL: |  1  2  3  4  5  6  7  8 |
---------------+-------------------------+-----
Short Blades   | 1 2 3 |  3.4
Long Blades    | 1 2 3 |  3.4
Axes           | 1 2 3 |  3.4
Maces & Flails | 1 2 3 |  3.4
Staves         | 1 2 3 |  3.4
Slings         | 1 2 3 |  3.4
Bows           | 1 2 3 |  3.4
Crossbows      | 1 2 3 |  3.4
Throwing       | 1 2 3 |  3.4
Stealth        | 1 2 3 |  3.4
Shields        | 1 2 3 |  3.4
Unarmed Combat | 1 2 3 |  3.4
Spellcasting   | 1 2 3 |  3.4
Evocations     | 1 2 3 |  3.4
Conjurations   | 1 2 |  2.8
Hexes          | 1 2 |  2.8
Charms         | 1 2 |  2.8
Summonings     | 1 2 |  2.8
Necromancy     | 1 2 |  2.8
Translocations | 1 2 |  2.8
Transmutations | 1 2 |  2.8
Fire Magic     | 1 2 |  2.8
Ice Magic      | 1 2 |  2.8
Air Magic      | 1 2 |  2.8
Earth Magic    | 1 2 |  2.8
Poison Magic   | 1 2 |  2.8
Dodging        | 3 4 |  4.3
Invocations    | 5 6 |  6.0
Polearms       | 5 |  5.8
Armour         | 5 |  5.8
Fighting       | 7 |  7.4

Action                   |  1- 3 |  4- 6 |  7- 9 || total
-------------------------+-------+-------+-------++-------
Melee: Spear             |   102 |   289 |   348 ||   739
       Bite              |     6 |    28 |    69 ||   103
       Punch             |       |     3 |     3 ||     6
Throw: Dart              |       |    11 |       ||    11
Invok: Depart the Abyss  |     1 |       |       ||     1
Evoke: Wand              |       |       |     2 ||     2
  Use: Scroll            |     3 |     3 |     7 ||    13
       Potion            |       |     2 |       ||     2
 Stab: Sleeping          |     3 |     2 |       ||     5
  Eat: Ration            |     1 |     2 |     2 ||     5
Armor: Leather armour    |    23 |    29 |       ||    52
       Chain mail        |       |    85 |   201 ||   286
Dodge: Dodged            |    72 |   134 |   189 ||   395
       Repelled          |       |     1 |     1 ||     2

Table legend:
 A = Non-vault XP
 B = Vault XP
 C = Vault XP percentage of total XP
 D = Non-vault monster count
 E = Vault monster count
 F = Vault count percentage of total count
                 A         B        C        D         E       F
            +---------+---------+-------+---------+---------+-------
      Total |    1640 |     395 |  19.4 |     118 |      23 |  16.3
            +---------+---------+-------+---------+---------+-------
        D:1 |      54 |       0 |   0.0 |      27 |       0 |   0.0
        D:2 |      93 |       0 |   0.0 |      20 |       0 |   0.0
        D:3 |      89 |      70 |  44.0 |      23 |      10 |  30.3
        D:4 |     320 |      57 |  15.1 |      21 |       2 |   8.7
        D:5 |     407 |      53 |  11.5 |      14 |       9 |  39.1
        D:6 |     448 |     215 |  32.4 |       9 |       2 |  18.2
        D:7 |     229 |       0 |   0.0 |       4 |       0 |   0.0
            +---------+---------+-------+---------+---------+-------
